 Dungeon Crawl Stone Soup version 0.18.1-48-g4cf74bf (webtiles) character file.

189 Alarkh the Shooter (level 5, 0/38 HPs)
             Began as a Mummy Hunter on Sept 3, 2016.
             Slain by a bat (1 damage)
             ... on level 4 of the Dungeon.
             The game lasted 00:04:09 (3136 turns).

Alarkh the Shooter (Mummy Hunter)                   Turns: 3136, Time: 00:04:10

Health: 0/38       AC:  3    Str: 15    XL:     5   Next: 40%
Magic:  5/5        EV: 11    Int: 12    God:
Gold:   162        SH:  0    Dex: 12    Spells: 0 memorised, 4 levels left

rFire  . . .     SeeInvis .     b - +0 mace
rCold  . . .     Gourm    .     c - +0 leather armour
rNeg   + + +     Faith    .     (no shield)
rPois  ∞         Spirit   .     (no helmet)
rElec  .         Dismiss  .     (no cloak)
rCorr  .         Reflect  .     (no gloves)
SustAt .         Harm     .     (no boots)
MR     .....                    (no amulet)
Stlth  +.........               h - ring of wizardry
                                e - ring of fire

@: not resistant to hostile enchantments, very unstealthy
A: no food or potions, fire vulnerability, cold resistance 1, negative energy
resistance 3, torment resistance, unbreathing
a: no special abilities


You were on level 4 of the Dungeon.
You were not hungry.

You visited 1 branch of the dungeon, and saw 4 of its levels.

You collected 162 gold pieces.

Inventory:

Hand Weapons
 a - a +1 shortbow
 b - a +0 mace (weapon)
 d - a +0 short sword
Missiles
 g - 5 arrows
Armour
 c - a +0 leather armour (worn)
Jewellery
 e - a ring of fire (left hand)
 f - an uncursed ring of ice
 h - a ring of wizardry (right hand)
Scrolls
 i - a scroll of noise {unknown}
 j - a scroll of magic mapping {unknown}
 k - a scroll of fog {unknown}
 l - a scroll of recharging {unknown}


   Skills:
 - Level 2.0 Fighting
 + Level 5.6 Bows
 - Level 1.5 Dodging
 - Level 0.7 Stealth


You had 4 spell levels left.
You didn't know any spells.

Dungeon Overview and Level Annotations

Branches:
Dungeon (4/15)
 Temple: D:4-7

Altars:
Sif Muna


Innate Abilities, Weirdness & Mutations

You do not eat or drink.
Your flesh is vulnerable to fire.
You are immune to poison.
Your flesh is cold resistant.
You are immune to negative energy.
You are immune to unholy pain and torment.
You can survive without breathing.


Message History

The worker ant is moderately wounded.
The bat barely misses you. x2; The worker ant barely misses you.
The worker ant bites you.
* * * LOW HITPOINT WARNING * * *
You hit the worker ant.
The worker ant is moderately wounded.
The bat closely misses you. The bat hits you but does no damage.
The bat completely misses you. The worker ant closely misses you. x2
You hit the worker ant but do no damage.
The worker ant is moderately wounded.
The bat hits you.
* * * LOW HITPOINT WARNING * * *
The bat barely misses you. The worker ant barely misses you.
The bat hits you but does no damage.
You hit the worker ant but do no damage.
The worker ant is moderately wounded.
The bat hits you but does no damage. The worker ant bites you.
* * * LOW HITPOINT WARNING * * *
The bat hits you.
You die...

## ## ..
#..$#############.##
#....a@boo.........###
#...#####o............
...$.......#####o#.....
# .#####..# #.. ##.
#..# #o.( #.<# ..o..
#..# .... #... ...
##.## ...


You could see an orc warrior, a worker ant, an orc priest, an orc and a bat.

Vanquished Creatures
  Jessica (D:2)
  9 adders (D:2)
  2 worms (D:2)
  2 dart slugs (D:2)
  2 giant geckos
  2 orcs
  7 giant cockroaches
  11 hobgoblins
  6 kobolds
  2 quokkas (D:2)
  2 ball pythons (D:2)
  6 bats
  4 giant newts
  7 goblins
  7 rats
70 creatures vanquished.

Notes
Turn   | Place    | Note
--------------------------------------------------------------
     0 | D:1      | Alarkh the Mummy Hunter began the quest for the Orb.
     0 | D:1      | Reached XP level 1. HP: 16/16 MP: 1/1
   206 | D:1      | Reached XP level 2. HP: 22/22 MP: 2/2
   355 | D:1      | Reached skill level 4 in Bows
   700 | D:2      | Reached XP level 3. HP: 22/27 MP: 3/3
   708 | D:2      | Noticed Jessica
  1056 | D:2      | Killed Jessica
  1056 | D:2      | Reached XP level 4. HP: 25/33 MP: 4/4
  1787 | D:2      | Reached skill level 5 in Bows
  2008 | D:2      | Reached XP level 5. HP: 24/38 MP: 5/5
  2285 | D:2      | Found a deep blue altar of Sif Muna.
  3116 | D:4      | Noticed an orc warrior
  3136 | D:4      | HP: 1/38 [worker ant (4)]
  3136 | D:4      | Slain by a bat

Skill      XL: |  1  2  3  4 |
---------------+-------------+-----
Bows           | 4 5 |  5.6
Fighting       | |  2.0
Dodging        | |  1.5
Stealth        | |  0.7

Action                   |  1- 3 |  4- 6 || total
-------------------------+-------+-------++-------
Melee: Short sword       |    15 |       ||    15
       Mace              |     9 |   180 ||   189
 Fire: Shortbow          |    68 |    31 ||    99
 Stab: Sleeping          |       |     1 ||     1
Armor: Leather armour    |    20 |    75 ||    95
Dodge: Dodged            |    29 |   186 ||   215
